AoeStats
← SmurfSSmur

MegaRandom

504680405Analyzed
2v2 RM · 26d ago on Sep 6, 2026· 22m 17s· 4 players
Game mode
Random Map
Map size
Medium (4 player)
Population
200
Speed
Normal
Resources
Standard
Victory
Conquest
Starting age
Dark Age
Ending age
Imperial Age
RankedLock teamsTeams togetherTeam positionsShared explorationLock speedFull tech treeHidden civsTurbo modeCheats
Victory
Defeat
🇨🇦 Tatars · Canada
1129
+34
🇨🇦 Vietnamese · Canada
1124
+34
🇹🇼 Persians · Taiwan
1157
-17
🇮🇳 Bohemians · India
1105
-15
buddy219755
0:42 Loom
10:17 Feudal Age
10:53 Double-Bit Axe
13:46 Horse Collar
16:21 Fletching
19:15 Wheelbarrow
24:22 Castle Age
龍嘯天
8:22 Loom
10:41 Feudal Age
14:47 Castle Age
13:14 Double-Bit Axe
19:12 Town Watch
Lord Kos
0:32 Loom
11:11 Feudal Age
12:41 Double-Bit Axe
16:35 Castle Age
14:50 Gold Mining
15:13 Fletching
SmurfSSmur
0:39 Loom
11:22 Feudal Age
11:57 Double-Bit Axe
13:54 Horse Collar
14:11 Gold Mining
16:12 Wheelbarrow
24:49 Castle Age
Connection lost

Rejoining the realm…

Still unreachable

The connection could not be restored.

Session expired

The server has moved on; the page needs a fresh start.